 Dungeon Crawl Stone Soup version 0.25-a0-1079-g858b6a6ff6 (webtiles) character file.

Game seed: 1729689951084501678, levelgen mode: classic

12 Amnesiac the Cutter (level 2, 0/16 HPs)
             Began as a Vine Stalker Monk on May 16, 2020.
             Succumbed to an adder's poison
             ... on level 2 of the Dungeon.
             The game lasted 00:00:38 (131 turns).

Amnesiac the Cutter (Vine Stalker Monk)              Turns: 131, Time: 00:00:38

Health: 0/16       AC:  2    Str: 13    XL:     2   Next: 33%
Magic:  0/3        EV: 13    Int: 10    God:
Gold:   8          SH:  0    Dex: 16    Spells: 1/1 levels left

rFire    . . .     SeeInvis .   a - +0 short sword
rCold    . . .     Gourm    .   (no shield)
rNeg     . . .     Faith    .   b - +0 robe
rPois    .         Spirit   +   (no helmet)
rElec    .         Reflect  .   (no cloak)
rCorr    .         Harm     .   (no gloves)
MR       .....                  (no boots)
Stlth    ++........             (no amulet)
HPRegen  0.05/turn              (no ring)
MPRegen  0.08/turn              (no ring)

@: lethally poisoned (0 -> -15)
A: fangs 2, magic shield, antimagic bite, no potion heal 3, rot immunity
a: no special abilities


You were on level 2 of the Dungeon.
You were not hungry.

You visited 1 branch of the dungeon, and saw 2 of its levels.

You collected 8 gold pieces.

Inventory:

Hand Weapons
 a - a +0 short sword (weapon)
Armour
 b - a +0 robe (worn)
Scrolls
 f - a scroll of fog {!r, unknown}
Comestibles
 c - a ration
 d - a chunk of flesh


   Skills:
 + Level 2.8 Fighting
 - Level 3.0 Short Blades
 - Level 2.4 Dodging
 - Level 2.9 Stealth


You had one spell level left.
You didn't know any spells.
Your spell library was empty.

Dungeon Overview and Level Annotations

Branches:
Dungeon (2/15)

Altars:


Innate Abilities, Weirdness & Mutations

You have extremely sharp teeth.
When hurt, damage is shared between your health and your magic reserves.
Your bite disrupts and absorbs the magic of your enemies.
Potions cannot restore your health.
You are immune to rotting.


Message History

You throw an atropa-tipped dart.
The atropa-tipped dart barely misses the adder.
The adder hisses angrily.
Found a leather armour.
The adder misses you. x2
You miss the adder. The adder bites you.
You miss the adder. The adder closely misses you.
You closely miss the adder. The adder misses you.
You barely miss the adder. The adder closely misses you.
You miss the adder. The adder barely misses you.
The adder completely misses you.
You hit the adder.
The adder is lightly wounded.
The adder closely misses you.
You hit the adder but do no damage.
The adder is lightly wounded.
The adder misses you.
You hit the adder.
The adder is moderately wounded.
The adder bites you but does no damage.
You barely miss the adder.
The adder is moderately wounded.
The adder bites you.
You are poisoned.
The adder poisons you! The adder bites you.
* * * LOW HITPOINT WARNING * * *
You are more poisoned.
The adder poisons you!
You hit the adder.
The adder is severely wounded.
* * * LOW HITPOINT WARNING * * *
You feel sick. The adder closely misses you.
You hit the adder.
The adder is severely wounded.
* * * LOW HITPOINT WARNING * * *
You feel sick. The adder barely misses you.
You are too injured to fight recklessly!
You are too injured to fight recklessly!
You are too injured to fight recklessly!
You are too injured to fight recklessly!
You are too injured to fight recklessly!
You are too injured to fight recklessly!
You are too injured to fight recklessly!
You hit the adder.
The adder is almost dead.
The adder barely misses you.
You hit the adder.
The adder is almost dead.
* * * LOW HITPOINT WARNING * * *
You feel sick. The adder misses you. The adder closely misses you.
You miss the adder.
The adder is almost dead.
* * * LOW HITPOINT WARNING * * *
You feel sick. The adder bites you.
* * * LOW HITPOINT WARNING * * *
You are more poisoned.
The adder poisons you!
You closely miss the adder.
The adder is almost dead.
* * * LOW HITPOINT WARNING * * *
You feel sick. The adder bites you but does no damage.
You closely miss the adder.
The adder is almost dead.
You die...

#(......
#.....# .....
#..#
##.########
#.........#
#.........#
#.........#
##@........#
#.S.....รท..#
#..........#
#.####...###
#( #.#.# #.
#.#.. #[
#.###. .. #.#
.. #. .


You could see an adder.

Vanquished Creatures
  An adder (D:2)
  A ball python (D:2)
  A hobgoblin (D:2)
  A frilled lizard (D:2)
4 creatures vanquished.

Notes
Turn   | Place    | Note
-------+----------+-------------------------------------------
     0 | D:1      | Amnesiac the Vine Stalker Monk began the quest for the Orb.
     0 | D:1      | Reached XP level 1. HP: 11/11 MP: 2/2
    86 | D:2      | Reached XP level 2. HP: 16/16 MP: 3/3
    88 | D:2      | Reached skill level 3 in Short Blades
   131 | D:2      | Succumbed to an adder's poison

Illustrated notes

Levels and vault maps discovered:
D:1:      dpeg_arrival_tiny_i, layout_loops_corners, kennysheep_boxes
D:2:      layout_rooms, nicolae_overflow_hidden_temple

Skill      XL: |  1  2 |
---------------+-------+-----
Short Blades   | 3 |  3.0
Fighting       | |  2.8
Dodging        | |  2.4
Stealth        | |  2.9

Action                   || total
-------------------------++-------
Melee: Short sword       ||    22
Throw: Dart              ||     4
 Stab: Sleeping          ||     1
Armor: Robe              ||     2
Dodge: Dodged            ||    15

Table legend:
 A = Non-vault XP
 B = Vault XP
 C = Vault XP percentage of total XP
 D = Non-vault monster count
 E = Vault monster count
 F = Vault count percentage of total count
                 A         B        C        D         E       F
            +---------+---------+-------+---------+---------+-------
      Total |      18 |       0 |   0.0 |       4 |       0 |   0.0
            +---------+---------+-------+---------+---------+-------
        D:2 |      18 |       0 |   0.0 |       4 |       0 |   0.0
            +---------+---------+-------+---------+---------+-------
